 Dungeon Crawl Stone Soup version 0.28-a0-969-g2dcde036d2 (webtiles) character file.

Game seed: 9920699091241760889

49 GregHouse the Chopper (level 3, -2/34 HPs)
             Began as a Hill Orc Monk on Dec 1, 2021.
             Slain by an orc (4 damage)
             ... on level 2 of the Dungeon.
             The game lasted 00:07:40 (1499 turns).

GregHouse the Chopper (Hill Orc Monk)               Turns: 1499, Time: 00:07:42

Health: -2/34      AC: 11    Str: 15    XL:     3   Next: 75%
Magic:  3/3        EV:  4    Int: 10    God:
Gold:   105        SH:  0    Dex: 13    Spells: 2/2 levels left

rFire   . . .      SeeInvis .   a - +0 hand axe
rCold   . . .      Faith    .   (no shield)
rNeg    . . .      Spirit   .   k - +0 plate armour
rPois   .          Reflect  .   i - +0 helmet
rElec   .          Harm     .   (no cloak)
rCorr   .          Rampage  .   (no gloves)
Will    .....                   (no boots)
Stlth   ..........              (no amulet)
HPRegen 0.11/turn               (no ring)
MPRegen 0.08/turn               (no ring)

@: no status effects
A: no striking features
a: no special abilities


You were on level 2 of the Dungeon.
You visited 1 branch of the dungeon, and saw 3 of its levels.

You collected 105 gold pieces.

Inventory:

Hand Weapons
 a - a +0 hand axe (weapon)
Armour
 i - a +0 helmet (worn)
 k - a +0 plate armour (worn)
Scrolls
 c - a scroll of amnesia {unknown}
 d - a scroll of fear {unknown}
 f - a scroll of brand weapon {unknown}
 g - 2 scrolls of enchant armour {unknown}
 h - a scroll of enchant weapon {unknown}
Potions
 b - a potion of attraction {unknown}
 j - a potion of curing {unknown}


   Skills:
 + Level 4.6 Fighting
 + Level 4.7 Axes
 + Level 1.3 Armour
 - Level 2.4 Dodging
 + Level 1.5 Stealth


You had 2 spell levels left.
You didn't know any spells.
Your spell library was empty.

Dungeon Overview and Level Annotations

Branches:
Dungeon (3/15)

Altars:


Message History

You barely miss the orc.
Your plate armour prevents you from hitting the orc.
You closely miss the orc. The orc hits you but does no damage.
The orc hits you with a +0 war axe. The orc hits you but does no damage.
You closely miss the orc. You hit the orc. You hit the orc but do no damage.
The orc barely misses you. x2; The orc hits you but does no damage. x2
You hit the orc.
The orc is severely wounded.
You closely miss the orc. x2; The orc hits you with a +0 war axe.
The orc hits you but does no damage. The orc completely misses you.
You hit the orc.
The orc is almost dead.
You hit the orc but do no damage.
Your plate armour prevents you from hitting the orc.
The orc barely misses you. The orc hits you but does no damage.
The orc completely misses you.
You barely miss the orc.
The orc is almost dead.
You closely miss the orc. You barely miss the orc.
The orc hits you with a +0 war axe. The orc hits you with a +0 flail.
* * * LOW HITPOINT WARNING * * *
The orc barely misses you. The orc hits you but does no damage.
You hit the orc but do no damage.
The orc is almost dead.
You barely miss the orc. x2; The orc hits you with a +0 flail.
* * * LOW HITPOINT WARNING * * *
The orc barely misses you. x2
You closely miss the orc.
The orc is almost dead.
You hit the orc. You hit the orc but do no damage.
The orc hits you but does no damage. x2; The orc hits you with a +0 war axe.
* * * LOW HITPOINT WARNING * * *
You closely miss the orc.
The orc is almost dead.
You barely miss the orc. You hit the orc. The orc hits you with a +0 flail.
* * * LOW HITPOINT WARNING * * *
The orc hits you with a +0 mace.
* * * LOW HITPOINT WARNING * * *
The orc hits you with a +0 war axe.
You die...

.. ... .... ####.....
#.....)#
#.########.#####
#.....)........#
###########..oo########
.......'.o@).......#
########...........#
#...........#
#...........#
#...........#
#...........#
#...........#
###+#.......#
#.#.......#


You could see 3 orcs.

Vanquished Creatures
  2 adders (D:2)
  2 orcs (D:2)
  3 ball pythons (D:1)
  3 endoplasms (D:1)
  2 giant cockroaches (D:1)
  A goblin (D:1)
  6 kobolds
  3 bats
  3 frilled lizards (D:1)
  5 rats
30 creatures vanquished.

Notes
Turn   | Place    | Note
-------+----------+-------------------------------------------
     0 | D:1      | GregHouse the Hill Orc Monk began the quest for the Orb.
     0 | D:1      | Reached XP level 1. HP: 19/19 MP: 1/1
   222 | D:1      | Reached XP level 2. HP: 27/27 MP: 2/2
   656 | D:1      | Found a faded altar of an unknown god.
   846 | D:1      | Reached XP level 3. HP: 30/34 MP: 3/3
  1230 | D:2      | Reached skill level 1 in Armour
  1499 | D:2      | Slain by an orc

Illustrated notes

Levels and vault maps discovered:
D:1:      dpeg_arrival_tiny_h, layout_loops_ring,
          hellmonk_ecumenical_altar_slurped_away, minmay_close_crescents
D:2:      layout_basic, basic_altar, minmay_misc_feat_roman, hex_intersection
D:3:      layout_rooms, mainiacjoe_overflow_concentric_impassable, uniq_terence,
          uniq_sigmund

Skill      XL: |  1  2  3 |
---------------+----------+-----
Fighting       | 4 |  4.6
Armour         | 1 |  1.3
Axes           | |  4.7
Dodging        | |  2.4
Stealth        | |  1.5

Action                   || total
-------------------------++-------
Melee: Hand axe          ||   101
Armor: Ring mail         ||     8
       Chain mail        ||    35
       Plate armour      ||    24
Dodge: Dodged            ||    42

Table legend: (Time is in decaauts)
 A = Elapsed time spent in this place.
 B = Non-inter-level travel time spent in this place.
 C = Inter-level travel time spent in this place.
 D = Time resting spent in this place.
 E = Time spent auto-exploring this place.
 F = Levels seen in this place.
 G = Mean time per level.
                   A        B        C        D        E       F      G
               +--------+--------+--------+--------+--------+-----+--------+
         Total |   1511 |   1511 |      0 |    383 |    744 |   3 |  503.7 |
       Dungeon |   1511 |   1511 |      0 |    383 |    744 |   3 |  503.7 |
               +--------+--------+--------+--------+--------+-----+--------+

Top non-repeatable levels by time:
     D:1: 925 daAuts
     D:2: 577 daAuts
     D:3: 8 daAuts
